 Dungeon Crawl Stone Soup version 0.30-a0-722-g3e6e8c874d (webtiles) character file.

Game seed: 1500415992597936534

92 IdlyInterested the Cutter (level 4, 0/35 HPs)
             Began as a Demonspawn Fighter on Jan 27, 2023.
             Succumbed to an adder's poison
             ... on level 3 of the Dungeon.
             The game lasted 00:04:46 (2061 turns).

IdlyInterested the Cutter (Demonspawn Fighter)      Turns: 2061, Time: 00:04:47

Health: 0/35       AC:  6    Str: 16    XL:     4   Next: 35%
Magic:  4/4        EV:  8    Int: 10    God:
Gold:   5          SH:  4    Dex: 14    Spells: 3/3 levels left

rFire   . . .      SeeInvis .    a - +0 rapier
rCold   . . .      Faith    .    c - +0 buckler
rNeg    . . .      Spirit   .    b - +0 scale mail
rPois   .          Reflect  .    (no helmet)
rElec   .          Harm     .    (no cloak)
rCorr   .          Rampage  .    (no gloves)
Will    .....                    (no boots)
Stlth   +                        (no amulet)
HPRegen 0.25/turn                (no ring)
MPRegen 0.09/turn                (no ring)

@: lethally poisoned (0 -> -2)
A: claws 1, powered by pain 1
a: no special abilities


You were on level 3 of the Dungeon.
You visited 1 branch of the dungeon, and saw 3 of its levels.

You collected 89 gold pieces.
You spent 84 gold pieces at shops.

Inventory:

Hand Weapons
 a - a +0 rapier (weapon)
Missiles
 e - 2 boomerangs
 i - 14 stones
 t - 6 poisoned darts (quivered)
Armour
 b - a +0 scale mail (worn)
 c - a +0 buckler (worn)
 n - a +0 leather armour
Scrolls
 g - 2 scrolls of fear {unknown}
 h - 2 scrolls of teleportation
 j - a scroll of identify {unknown}
 k - a scroll of enchant armour {unknown}
 m - 2 scrolls of amnesia
 s - a scroll of noise {unknown}
Potions
 d - a potion of might
 f - 2 potions of heal wounds {unknown}
 l - 3 potions of curing {unknown}
 o - a potion of mutation {unknown}
 p - a potion of flight {unknown}
 q - a potion of lignification {unknown}
 r - a potion of ambrosia {unknown}


   Skills:
 - Level 3.0 Fighting
 * Level 3.6 Short Blades
 - Level 2.6 Armour
 + Level 2.1 Stealth
 - Level 2.6 Shields


You had 3 spell levels left.
You didn't know any spells.
Your spell library contained the following spells:

 Spells                   Type           Power      Damage    Failure   Level
 Beastly Appendage        Tmut           0%         N/A       88%         1
 Wereblood                Tmut           0%         N/A       95%         2
 Spider Form              Tmut/Pois      0%         N/A       99%         3


Dungeon Overview and Level Annotations

Branches:
Dungeon (3/15)

Altars:

Shops:
D:1 ?


Innate Abilities, Weirdness & Mutations

You have sharp fingernails.
You sometimes gain a little power by taking damage.


Message History

You completely miss the orc.
The orc is severely wounded.
The orc barely misses you. The hound bites you.
You barely miss the orc.
The orc is severely wounded.
The hound bites you but does no damage. The orc barely misses you.
The hound bites you but does no damage.
You closely miss the orc.
The orc is severely wounded.
The hound bites you. You block the orc's attack.
The hound bites you but does no damage. The orc hits you but does no damage.
You hit the orc.
You kill the orc!
The hound bites you. The adder bites you.
You miss the adder. The hound bites you. The adder completely misses you.
The hound bites you.
You hit the adder.
The adder is moderately wounded.
The hound closely misses you. The adder bites you but does no damage.
You miss the adder.
The adder is moderately wounded.
The hound bites you. The adder bites you.
You are poisoned.
The adder poisons you! The hound bites you but does no damage.
The adder bites you but does no damage.
You closely miss the adder.
The adder is moderately wounded.
You feel sick. The hound bites you.
* * * LOW HITPOINT WARNING * * *
The adder bites you but does no damage. The hound bites you but does no damage.
The adder attacks as you move away! The adder bites you but does no damage.
The hound attacks as you move away! The hound bites you.
* * * LOW HITPOINT WARNING * * *
You feel sick.
You feel sick. The hound barely misses you. The hound attacks as you move away!
The hound bites you but does no damage.
You feel sick. The hound attacks as you move away! The hound bites you.
* * * LOW HITPOINT WARNING * * *
You die...

#... ... #.# ...
#.## .. #... .. #
######. .###
#.##....#. # ..#
#.......#. #. #.#
####.####. #.. #@#
#......... ..
#.#######.##.#####
###.###hS.......##.#
#...)......#######.#
#.#........#######.#
####.............#
#........########
...#......#
####.....##


You could see a hound and an adder.

Vanquished Creatures
  3 adders (D:2)
  A dart slug (D:1)
  An orc (D:3)
  4 endoplasms
  4 giant cockroaches
  5 goblins
  5 hobgoblins (D:1)
  4 jackals (D:1)
  3 quokkas
  6 ball pythons (D:2)
  5 bats
  2 frilled lizards (D:1)
  5 kobolds
  8 rats
56 creatures vanquished.

Notes
Turn   | Place    | Note
-------+----------+-------------------------------------------
     0 | D:1      | IdlyInterested the Demonspawn Fighter began the quest for
                  | the Orb.
     0 | D:1      | Reached XP level 1. HP: 18/18 MP: 1/1
   135 | D:1      | Gained mutation: You sometimes gain a little power by
                  | taking damage. [demonic ancestry]
   135 | D:1      | Reached XP level 2. HP: 11/24 MP: 2/2
   387 | D:1      | Found Gekhyfoh's Magic Scroll Emporium.
   393 | D:1      | Reached skill level 1 in Stealth
   569 | D:1      | Found a faded altar of an unknown god.
   573 | D:1      | Gained mutation: You have sharp fingernails. [demonic
                  | ancestry]
   573 | D:1      | Reached XP level 3. HP: 27/29 MP: 3/3
  1274 | D:2      | Reached XP level 4. HP: 31/35 MP: 4/4
  1896 | D:1      | Bought a scroll of amnesia for 48 gold pieces
  1896 | D:1      | Bought a scroll of teleportation for 36 gold pieces
  2061 | D:3      | HP: 1/35 [hound (4)]
  2061 | D:3      | Succumbed to an adder's poison

Illustrated notes

Levels and vault maps discovered:
D:1:      eino_arrival_cavern_e, layout_basic,
          dreamdust_ecumenical_altar_angels_and_demons, serial_shops, shop,
          minmay_misc_feat_four_crosses, minmay_octomino_e4
D:2:      layout_loops_cross
D:3:      layout_basic, hangedman_glass_teeth, minmay_snake_closets

Skill      XL: |  1  2  3  4 |
---------------+-------------+-----
Short Blades   | 2 3 |  3.6
Stealth        | 1 2 |  2.1
Fighting       | |  3.0
Armour         | |  2.6
Shields        | |  2.6

Action                     |  1- 3 |  4- 6 || total
---------------------------+-------+-------++-------
  Melee: Rapier            |   189 |    52 ||   241
  Throw: Boomerang         |     2 |       ||     2
 Armour: Scale mail        |   107 |    38 ||   145
  Dodge: Dodged            |    91 |    24 ||   115
  Block: Buckler           |    46 |    14 ||    60

Table legend: (Time is in decaauts)
 A = Elapsed time spent in this place.
 B = Non-inter-level travel time spent in this place.
 C = Inter-level travel time spent in this place.
 D = Time resting spent in this place.
 E = Time spent auto-exploring this place.
 F = Levels seen in this place.
 G = Mean time per level.
                   A        B        C        D        E       F      G
               +--------+--------+--------+--------+--------+-----+--------+
         Total |   2086 |   1784 |    302 |    207 |   1031 |   3 |  695.3 |
       Dungeon |   2086 |   1784 |    302 |    207 |   1031 |   3 |  695.3 |
               +--------+--------+--------+--------+--------+-----+--------+

Top non-repeatable levels by time:
     D:1: 1086 daAuts
     D:2: 920 daAuts
     D:3: 78 daAuts
